 Dungeon Crawl Stone Soup version 0.28.0-43-g3370ac3207 (webtiles) character file.

Game seed: 9353698569667809991

6822 fleeber the Cleaver (level 10, -3/84 HPs)
             Began as a Minotaur Berserker on Mar 16, 2022.
             Was an Elder of Trog.
             Slain by a seven-headed hydra (6 damage)
             ... while petrified by a basilisk
             ... on level 1 of the Lair of Beasts.
             The game lasted 01:30:20 (11797 turns).

fleeber the Cleaver (Minotaur Berserker)           Turns: 11797, Time: 01:30:23

Health: -3/84      AC: 18    Str: 22    XL:     10   Next: 77%
Magic:  9/9        EV:  2    Int:  4    God:    Trog [****..]
Gold:   25         SH:  0    Dex: 14    Spells: 9/9 levels left

rFire   . . .      SeeInvis .   G - +4 broad axe (flame)
rCold   . . .      Faith    .   K - +0 buckler
rNeg    + + +      Spirit   .   D - +0 plate armour
rPois   ∞          Reflect  .   b - +2 hat
rElec   .          Harm     .   (no cloak)
rCorr   .          Rampage  .   (no gloves)
Will    .....                   N - +1 pair of boots
Stlth   ..........              u - amulet of the acrobat
HPRegen 0.24/turn               (no ring)
MPRegen 0.11/turn               (no ring)

@: petrified
A: horns 2, retaliatory headbutt
a: Renounce Religion, Berserk, Trog's Hand, Brothers in Arms


You were on level 1 of the Lair of Beasts.
You worshipped Trog.
Trog was greatly pleased with you.
You visited 3 branches of the dungeon, and saw 12 of its levels.

You collected 586 gold pieces.
You spent 561 gold pieces at shops.

Inventory:

Hand Weapons
 B - the +8 hand axe of Recklessness {flame, rN+ Str-4 Stlth+}
   (You found it on level 7 of the Dungeon)

   It burns those it strikes, dealing additional fire damage.
   Big, fiery blades are also staple armaments of hydra-hunters.
   Str:       It affects your strength (-4).
   rN:        It protects you from negative energy.
   Stlth:     It makes you more stealthy.
 G - a +4 broad axe of flaming (weapon)
 M - a +3 battleaxe of freezing
Missiles
 c - a curare-tipped dart
 x - 2 throwing nets
 H - a silver boomerang (quivered)
Armour
 b - a +2 hat (worn)
 D - a +0 plate armour (worn)
 K - a +0 buckler (worn)
 N - a +1 pair of boots (worn)
Jewellery
 u - an amulet of the acrobat (around neck)
Wands
 q - a wand of iceblast (6)
 r - a wand of flame (65)
 E - a wand of polymorph (3)
 I - a wand of charming (4)
 L - a wand of digging (9)
Scrolls
 e - a scroll of fear {unknown}
 f - 5 scrolls of identify
 k - 2 scrolls of immolation
 l - 5 scrolls of teleportation
 m - a scroll of blinking {unknown}
 o - 2 scrolls of magic mapping
 p - a scroll of enchant armour {unknown}
 s - a scroll of vulnerability
 v - a scroll of silence {unknown}
 w - a scroll of fog {unknown}
 y - a scroll of enchant weapon {unknown}
 z - a scroll of acquirement {unknown}
Potions
 a - a potion of mutation {unknown}
 d - a potion of haste
 g - a potion of brilliance {unknown}
 h - a potion of heal wounds
 i - 2 potions of attraction
 j - 4 potions of degeneration {unknown}
 n - 2 potions of curing {unknown}
 t - 3 potions of might {unknown}
 A - a potion of lignification {unknown}
 C - a potion of resistance {unknown}
 F - a potion of magic {unknown}
 J - a potion of cancellation {unknown}


   Skills:
 + Level 6.9 Fighting
 * Level 13.0 Axes
 + Level 6.7 Throwing
 + Level 8.6 Armour
 * Level 3.7 Dodging
 - Level 0.2 Stealth
 * Level 1.4 Shields
 * Level 5.1 Evocations


You had 9 spell levels left.
You didn't know any spells.
Your spell library was empty.

Dungeon Overview and Level Annotations

Branches:
Dungeon (10/15)            Temple (1/1) D:5            Lair (1/6) D:8
    Orc: D:9-12

Altars:
Ashenzari
Cheibriados
Dithmenos
Elyvilon
Fedhas
Gozag
Hepliaklqana
Kikubaaqudgha
Makhleb
Nemelex Xobeh
Qazlal
Ru
Sif Muna
Trog
Uskayaw
Vehumet
Wu Jian
Xom
Yredelemnul
Zin
The Shining One

Shops:
D:1 (   D:5 [


Innate Abilities, Weirdness & Mutations

You have a pair of horns on your head.
You reflexively headbutt those who attack you in melee.


Message History

A yak comes into view.
The seven-headed hydra bites you. x2; The seven-headed hydra bites you!
The seven-headed hydra bites you but does no damage.
The seven-headed hydra bites you.
The seven-headed hydra bites you but does no damage.
The seven-headed hydra bites you! The bullfrog barely misses you.
The bullfrog hits you but does no damage.
The seven-headed hydra bites you but does no damage.
The seven-headed hydra bites you. x2
The seven-headed hydra bites you but does no damage.
The seven-headed hydra bites you!
The seven-headed hydra completely misses you.
The seven-headed hydra bites you but does no damage.
The bullfrog hits you but does no damage.
The yak gores you.
* * * LOW HITPOINT WARNING * * *
The seven-headed hydra bites you!
* * * LOW HITPOINT WARNING * * *
The seven-headed hydra bites you but does no damage. x2
The seven-headed hydra bites you!
* * * LOW HITPOINT WARNING * * *
The seven-headed hydra bites you but does no damage.
The seven-headed hydra bites you.
* * * LOW HITPOINT WARNING * * *
The seven-headed hydra bites you but does no damage.
The bullfrog hits you.
* * * LOW HITPOINT WARNING * * *
The yak gores you but does no damage. x2
The bullfrog hits you but does no damage.
The seven-headed hydra bites you but does no damage.
The seven-headed hydra bites you.
* * * LOW HITPOINT WARNING * * *
The seven-headed hydra bites you.
* * * LOW HITPOINT WARNING * * *
The seven-headed hydra bites you but does no damage.
The seven-headed hydra bites you.
* * * LOW HITPOINT WARNING * * *
The seven-headed hydra bites you!
You die...

....... ......
.......##......
........#......
..?Y...........
....YY.........
.....Y.?.......
......YY$......
......l@D......
.......F.......
...............
...............
...............
...............
.............##
.....###.[?.[#


You could see a seven-headed hydra, 6 yaks, a basilisk and a bullfrog.

Vanquished Creatures
  3 two-headed ogres
  Joseph (D:8)
  An unseen horror (D:8)
  A komodo dragon (D:8)
  A troll (D:10)
  A hornet (D:8)
  Grum (D:8)
  Menkaure (D:4)
  An acid dragon (D:4)
  4 orc warriors
  2 water moccasins
  5 ice beasts
  A necrophage (D:4)
  3 ogres
  3 wolves (D:8)
  A phantom (D:7)
  A kobold brigand (D:6)
  A wyvern zombie (D:5)
  A scorpion (D:5)
  A gnoll sergeant (D:8)
  3 killer bees (D:10)
  3 wights (D:8)
  A jelly (D:8)
  A bullfrog zombie (D:7)
  A centaur zombie (D:3)
  2 hounds
  8 orc priests
  A bullfrog skeleton (D:4)
  A gnoll shaman (D:4)
  3 iguanas
  11 orc wizards
  Ijyb (D:3)
  2 killer bee zombies
  A hound skeleton (D:4)
  A howler monkey zombie (D:5)
  Robin (D:2)
  8 gnolls
  A howler monkey skeleton (D:6)
  8 adders
  A white imp (D:7)
  3 ufetubi
  A worm (D:2)
  An adder skeleton (D:4)
  2 dart slugs
  28 orcs
  10 ball pythons
  9 endoplasms
  2 giant cockroaches (D:1)
  17 goblins
  10 hobgoblins
  A quokka (D:2)
  9 bats
  A frilled lizard (D:1)
  8 kobolds
  4 rats
199 creatures vanquished.

Vanquished Creatures (others)
  A goblin (D:3)
  8 plants
9 creatures vanquished.

Grand Total: 208 creatures vanquished

Notes
Turn   | Place    | Note
-------+----------+-------------------------------------------
     0 | D:1      | fleeber the Minotaur Berserker began the quest for the Orb.
     0 | D:1      | Reached XP level 1. HP: 19/19 MP: 0/0
   211 | D:1      | Reached skill level 4 in Axes
   211 | D:1      | Reached XP level 2. HP: 27/27 MP: 1/1
   521 | D:1      | Found a faded altar of an unknown god.
   541 | D:1      | Found Waonticw's Antique Weapon Boutique.
   861 | D:2      | Reached XP level 3. HP: 33/33 MP: 2/2
  1162 | D:2      | Reached ** piety under Trog
  1164 | D:2      | Noticed Robin
  1176 | D:2      | Killed Robin
  1178 | D:2      | Reached skill level 1 in Throwing
  1590 | D:2      | Reached XP level 4. HP: 41/41 MP: 3/3
  2002 | D:3      | Reached skill level 5 in Axes
  2111 | D:3      | Noticed Ijyb
  2130 | D:3      | Killed Ijyb
  2131 | D:3      | Reached XP level 5. HP: 21/47 MP: 4/4
  3173 | D:4      | Noticed an ogre
  3273 | D:4      | Reached skill level 6 in Axes
  3273 | D:4      | Reached XP level 6. HP: 51/53 MP: 5/5
  3283 | D:4      | Reached *** piety under Trog
  3358 | D:4      | Reached skill level 1 in Evocations
  3508 | D:5      | Entered Level 5 of the Dungeon
  3881 | D:4      | Reached XP level 7. HP: 41/60 MP: 6/6
  4109 | D:4      | Reached skill level 7 in Axes
  4463 | D:4      | Noticed Menkaure
  4471 | D:4      | Killed Menkaure
  4472 | D:4      | Reached skill level 5 in Fighting
  5143 | D:5      | Reached skill level 8 in Axes
  5143 | D:5      | Reached skill level 5 in Armour
  5236 | D:5      | Reached XP level 8. HP: 65/68 MP: 7/7
  5429 | D:5      | Found a staircase to the Ecumenical Temple.
  5444 | Temple   | Entered the Ecumenical Temple
  5694 | D:5      | Found a bloodstained altar of Trog.
  5885 | D:5      | Found a snail-covered altar of Cheibriados.
  5906 | D:5      | Found Getteklideu's Armour Emporium.
  5956 | D:5      | Noticed a two-headed ogre
  5975 | D:5      | Killed a two-headed ogre
  5976 | D:5      | Reached skill level 9 in Axes
  6558 | D:6      | Reached skill level 10 in Axes
  6558 | D:6      | Reached XP level 9. HP: 65/74 MP: 8/8
  7050 | D:6      | Found a burning altar of Makhleb.
  7671 | D:1      | Bought a runed broad axe for 175 gold pieces
  7949 | D:7      | Found a shadowy altar of Dithmenos.
  8001 | D:7      | Found a shimmering blue altar of Sif Muna.
  8138 | D:7      | Identified the +8 hand axe of Recklessness {flame, rN+
                  | Str-4 Stlth+}
  8258 | D:7      | You fall into a shaft and drop 3 floors!
  8258 | D:10     | Entered Level 10 of the Dungeon
  8277 | D:10     | Noticed a two-headed ogre
  8298 | D:10     | Killed a two-headed ogre
  8299 | D:10     | Reached skill level 11 in Axes
  8299 | D:10     | Reached skill level 5 in Throwing
  8433 | D:10     | Noticed a two-headed ogre
  8438 | D:10     | Killed a two-headed ogre
  8439 | D:10     | Reached XP level 10. HP: 84/84 MP: 9/9
  8604 | D:9      | Reached skill level 12 in Axes
  8608 | D:9      | Reached **** piety under Trog
  9061 | D:7      | Found a shadowy altar of Dithmenos.
  9849 | D:8      | Found a staircase to the Lair.
 10109 | D:8      | Noticed Joseph
 10140 | D:8      | Killed Joseph
 10516 | D:8      | Noticed Grum
 10525 | D:8      | Killed Grum
 10642 | D:8      | Found a glowing golden altar of the Shining One.
 10802 | D:8      | Reached skill level 5 in Evocations
 10927 | D:8      | Reached skill level 13 in Axes
 10927 | D:8      | Reached skill level 1 in Shields
 11398 | D:4      | Identified the ring "Anain" {rElec rC+ Str+5 Int-5}
 11602 | D:1      | Bought a runed battleaxe for 237 gold pieces
 11715 | D:5      | Bought a +1 pair of boots for 149 gold pieces
 11786 | Lair:1   | Entered Level 1 of the Lair of Beasts
 11786 | Lair:1   | Noticed a seven-headed hydra
 11797 | Lair:1   | HP: 3/84 [seven-headed hydra (3)]
 11797 | Lair:1   | Slain by a seven-headed hydra

Illustrated notes

Levels and vault maps discovered:
D:1:      pf_arrival_petrified_forest, layout_rooms,
          shapermc_ecumenical_altar_mp_ritualfount, serial_shops,
          nicolae_shop_overgrown_old_shop
D:2:      layout_basic, uniq_robin
D:3:      layout_basic, uniq_ijyb
D:4:      layout_loops_ring, minmay_misc_feat_square, grunt_ministairs_8,
          minmay_fractal_squares_diagonal_5, uniq_menkaure
D:5:      layout_basic, mainiacjoe_overflow_catch_the_wave,
          minmay_temple_entry_metal_lava, portal_sewer_entry_a, serial_shops,
          shop
D:6:      layout_loops_ring, lemuel_crystal_altar, nrook_campfire
D:7:      layout_loops_ring, lemuel_doored_altar, grunt_dithmenos_smoke,
          kennysheep_flooded_box
D:8:      minmay_goldmine, layout_basic, lemuel_tele_altar, david_lair_shrubbed,
          minivault_26, uniq_joseph, uniq_grum
D:9:      minmay_the_grid_square_5x5_4x4
          [minmay_the_grid_square_5x5_inverted_slash,
          minmay_the_grid_square_5x5_fat_x,
          minmay_the_grid_square_5x5_checkered,
          minmay_the_grid_square_5x5_shrine1,
          minmay_the_grid_square_5x5_minimal,
          minmay_the_grid_square_5x5_prize_rear_guard,
          minmay_the_grid_square_5x5_prize_junk,
          minmay_the_grid_square_5x5_sharp_hourglass,
          minmay_the_grid_square_5x5_mess,
          minmay_the_grid_square_5x5_prize_monsterx,
          minmay_the_grid_square_5x5_prize_itemx,
          minmay_the_grid_square_5x5_moneybag,
          minmay_the_grid_square_5x5_gyroscope,
          minmay_the_grid_square_5x5_two_small,
          minmay_the_grid_square_5x5_hourglass,
          minmay_the_grid_square_5x5_spiral], layout_long_grid, david_orc_2,
          minmay_protected_statue, uniq_erolcha
D:10:     nicolae_BIG_FREAKIN_CUBE, layout_irregular_city, okawaru_humans,
          enter_bailey_1, uniq_josephine
Temple:   nicolae_temple_no_exploring_needed
Lair:1:   layout_cave_shapes

Skill      XL: |  1  2  3  4  5  6  7  8  9 10 |
---------------+-------------------------------+-----
Axes           | 4 5 6 8 10 11 13 | 13.0
Fighting       | 4 5 6 |  6.9
Throwing       | 1 2 3 4 5 6 |  6.7
Armour         | 3 4 5 6 7 8 |  8.6
Evocations     | 1 2 3 4 5 |  5.1
Dodging        | 3 |  3.7
Shields        | 1 |  1.4
Stealth        | |  0.2

Action                   |  1- 3 |  4- 6 |  7- 9 | 10-12 || total
-------------------------+-------+-------+-------+-------++-------
Melee: Hand axe          |    76 |   130 |    46 |       ||   252
       Headbutt          |     8 |    24 |    34 |    20 ||    86
       Punch             |     1 |     3 |     1 |     2 ||     7
       War axe           |       |       |    90 |       ||    90
       Broad axe         |       |       |    27 |    99 ||   126
Throw: Boomerang         |     8 |    17 |    42 |    51 ||   118
       Stone             |       |     2 |       |       ||     2
Invok: Berserk           |     2 |     3 |     5 |     2 ||    12
       Trog's Hand       |       |       |     2 |     1 ||     3
Evoke: Wand              |       |     2 |     6 |     2 ||    10
  Use: Scroll            |       |     1 |     6 |       ||     7
       Potion            |       |       |     2 |     4 ||     6
Armor: Animal skin       |     8 |       |       |       ||     8
       Ring mail         |    15 |    17 |    21 |       ||    53
       Scale mail        |       |    38 |    14 |       ||    52
       Plate armour      |       |       |    28 |   106 ||   134
Dodge: Dodged            |    33 |    77 |    60 |    69 ||   239
Block: Buckler           |       |       |       |     8 ||     8
